 Dungeon Crawl Stone Soup version 0.18.1-50-g88ac8fd (webtiles) character file.

1989 go0n the Protected (level 9, -2/81 HPs)
             Began as a Minotaur Gladiator on Sept 17, 2016.
             Was a Follower of Trog.
             Slain by an orc warrior
             ... wielding a +0 glaive
              (5 damage)
             ... on level 6 of the Dungeon.
             The game lasted 00:25:59 (7547 turns).

go0n the Protected (Minotaur Gladiator)             Turns: 7547, Time: 00:26:00

Health: -2/81      AC: 14    Str: 25    XL:     9   Next: 1%
Magic:  8/8        EV:  8    Int:  5    God:    Trog [*.....]
Gold:   470        SH:  0    Dex: 11    Spells: 0 memorised, 8 levels left

rFire  . . .     SeeInvis .     m - +2 hand axe (pain)
rCold  + . .     Gourm    .     i - +0 plate armour
rNeg   . . .     Faith    .     (no shield)
rPois  .         Spirit   .     c - +0 hat
rElec  .         Dismiss  .     (no cloak)
rCorr  .         Reflect  .     (no gloves)
SustAt .         Harm     .     (no boots)
MR     .....                    (no amulet)
Stlth  ..........               G - ring of protection from cold
                                n - +2 ring of strength

@: not resistant to hostile enchantments, extremely unstealthy
A: retaliatory headbutt, horns 2
a: Berserk, Burn Spellbooks, Renounce Religion


You were on level 6 of the Dungeon.
You worshipped Trog.
Trog was aware of your devotion.
You were not hungry.

You visited 2 branches of the dungeon, and saw 7 of its levels.
You also visited: Ossuary.

You collected 470 gold pieces.

Inventory:

Hand Weapons
 a - a +0 war axe
 e - a +0 war axe of freezing
 m - a +2 hand axe of pain (weapon)
 E - a +0 hand axe
Missiles
 d - 3 throwing nets (quivered)
Armour
 c - a +0 hat (worn)
 h - a +0 leather armour
 i - a +0 plate armour (worn)
 o - a +0 plate armour
 y - a +0 ring mail
 z - a +0 chain mail
 A - a +1 ring mail
 D - a +0 shield
Jewellery
 j - an uncursed ring of magical power
 n - a +2 ring of strength (left hand)
 G - a ring of protection from cold (right hand)
Wands
 I - a wand of disintegration (12/24)
Scrolls
 l - a scroll of fear
 p - a scroll of fog {unknown}
 r - 2 scrolls of random uselessness
 s - a scroll of remove curse
 v - 2 scrolls of amnesia
 w - a scroll of enchant armour
 x - a scroll of blinking {unknown}
 B - a scroll of immolation {unknown}
 F - a scroll of vulnerability {unknown}
Potions
 b - 4 potions of brilliance
 k - a potion of curing
 q - a potion of mutation {unknown}
 t - 2 potions of degeneration
 u - 5 potions of agility
 C - a potion of flight {unknown}
 H - a potion of invisibility {unknown}
Comestibles
 f - 4 bread rations
 g - 5 meat rations
 J - 2 chunks of flesh


   Skills:
 + Level 7.8 Fighting
 + Level 8.2 Axes
 - Level 2.0 Throwing
 * Level 9.3 Armour
 - Level 3.2 Dodging


You had 8 spell levels left.
You didn't know any spells.

Dungeon Overview and Level Annotations

Branches:
Dungeon (6/15)             Temple (1/1) D:5

Altars:
Cheibriados
Dithmenos
Elyvilon
Fedhas
Okawaru
Pakellas
Qazlal
Ru
Sif Muna
Trog
The Shining One

Annotations:
D:6 exclusion: oklob plant


Innate Abilities, Weirdness & Mutations

You reflexively headbutt those who attack you in melee.
You have a pair of horns on your head.


Message History

You hit the orc warrior. Your headbutt misses the orc warrior.
The orc warrior is heavily wounded.
The orc warrior barely misses you. You furiously retaliate!
You headbutt the orc warrior. You slash the orc warrior!
You headbutt the orc warrior, but do no damage.
The orc warrior is almost dead.
The orc warrior hits you with a glaive!
* * * LOW HITPOINT WARNING * * *
You closely miss the orc warrior.
The orc warrior is almost dead.
You closely miss the orc warrior.
The orc warrior is almost dead.
The orc warrior hits you with a glaive.
* * * LOW HITPOINT WARNING * * *
You closely miss the orc warrior.
You headbutt the orc warrior, but do no damage.
The orc warrior is almost dead.
The orc warrior hits you with a glaive.
You die... ........# #...# PPPP#PPPPPPPP

........#
#....###############
.....#### #..#.# .....#
#..#.# .....#
######..#.# .....##
#..(......## .<....#
#..........#+### ......#
#.......)....... ......#
#.......@)...... ......#
#....#..#o......
#####.###.##.####.......
................'...>...
#.#.#.....#...###.......
....#...###...# .......
....#.#.###...# .......
#...#.#.......# .......
#...#.#.......#


You could see an orc warrior.

Vanquished Creatures
  A phantom (D:5)
  An orc warrior (D:6)
  A sky beast (D:5)
  5 ogres
  2 centaurs
  A giant frog (D:6)
  A scorpion (D:5)
  A giant frog zombie (D:6)
  A jelly (D:5)
  2 hounds
  4 orc priests
  A centaur skeleton (D:6)
  4 orc wizards
  Crazy Yiuf (D:2)
  An iron imp (D:6)
  4 iguanas
  Terence (D:2)
  4 worker ants
  A hound skeleton (D:6)
  8 mummies (Ossuary)
  3 worker ant zombies
  7 adders
  A shadow imp (D:5)
  A white imp (D:6)
  2 oozes
  4 worms
  A dart slug (D:2)
  A giant gecko (D:2)
  20 orcs
  4 giant cockroaches
  6 hobgoblins
  3 quokkas
  3 ball pythons
  6 bats
  A giant gecko skeleton (D:4)
  6 giant newts
  9 goblins
  2 goblin skeletons (D:6)
  3 goblin zombies (D:6)
  3 hobgoblin zombies
  2 jackal skeletons (D:4)
  7 kobolds
  3 kobold zombies
  3 orc skeletons (D:6)
  4 orc zombies (Ossuary)
  7 rats
157 creatures vanquished.

Notes
Turn   | Place    | Note
--------------------------------------------------------------
     0 | D:1      | go0n the Minotaur Gladiator began the quest for the Orb.
     0 | D:1      | Reached XP level 1. HP: 18/18 MP: 0/0
   362 | D:1      | Reached XP level 2. HP: 25/25 MP: 1/1
   895 | D:2      | Noticed Terence
   903 | D:1      | Reached XP level 3. HP: 16/31 MP: 2/2
   920 | D:1      | HP: 1/31 [poisoned by an adder]
  1228 | D:2      | Killed Terence
  1228 | D:2      | Reached skill level 5 in Axes
  1342 | D:2      | Reached XP level 4. HP: 30/40 MP: 3/3
  1614 | D:2      | Found a shadowy altar of Dithmenos.
  1679 | D:2      | Reached skill level 1 in Armour
  1857 | D:2      | Noticed Crazy Yiuf
  1862 | D:2      | Killed Crazy Yiuf
  1862 | D:2      | Reached skill level 2 in Armour
  2035 | D:2      | Found a sacrificial altar of Ru.
  2121 | D:3      | Found an oddly glowing altar of Pakellas.
  2215 | D:3      | Reached XP level 5. HP: 38/47 MP: 4/4
  3101 | D:4      | Found a sand-covered staircase.
  3109 | Ossuary  | Entered an ossuary
  3135 | Ossuary  | Reached skill level 3 in Armour
  3280 | Ossuary  | Reached XP level 6. HP: 23/55 MP: 5/5
  3795 | D:4      | Reached skill level 5 in Fighting
  3811 | D:4      | Reached skill level 4 in Armour
  4480 | D:4      | Reached skill level 5 in Armour
  4480 | D:4      | Reached XP level 7. HP: 37/61 MP: 6/6
  4843 | D:5      | Entered Level 5 of the Dungeon
  4860 | D:5      | Found a staircase to the Ecumenical Temple.
  4878 | Temple   | Entered the Ecumenical Temple
  4892 | Temple   | Became a worshipper of Trog the Wrathful
  5072 | D:5      | Reached skill level 6 in Armour
  5451 | D:5      | Reached XP level 8. HP: 35/71 MP: 7/7
  5455 | D:5      | Reached skill level 7 in Armour
  5595 | D:5      | Reached * piety under Trog
  5980 | D:5      | Reached skill level 8 in Armour
  6324 | D:6      | Found a glowing golden altar of the Shining One.
  6526 | D:6      | Found a snail-covered altar of Cheibriados.
  6595 | D:6      | Reached skill level 9 in Armour
  6847 | D:6      | Found a white marble altar of Elyvilon.
  6895 | D:6      | Found a blossoming altar of Fedhas.
  6917 | D:6      | Noticed an oklob plant
  7016 | D:6      | Found an iron altar of Okawaru.
  7527 | D:6      | Reached XP level 9. HP: 81/81 MP: 8/8
  7546 | D:6      | HP: 3/81 [orc warrior/glaive (6)]
  7547 | D:6      | Slain by an orc warrior

Skill      XL: |  1  2  3  4  5  6  7  8 |
---------------+-------------------------+-----
Axes           | 4 5 6 7 8 |  8.2
Fighting       | 3 4 5 6 7 |  7.8
Armour         | 2 3 5 6 9 |  9.3
Throwing       | |  2.0
Dodging        | |  3.2

Action                   |  1- 3 |  4- 6 |  7- 9 || total
-------------------------+-------+-------+-------++-------
Melee: War axe           |    59 |     1 |       ||    60
       Headbutt          |     7 |    35 |    49 ||    91
       Hand axe          |       |   142 |   228 ||   370
Invok: Burn Spellbooks   |       |       |     1 ||     1
  Use: Potion            |     1 |     7 |     3 ||    11
       Scroll            |       |    10 |     1 ||    11
  Eat: Bread ration      |     1 |       |       ||     1
       Meat ration       |       |     2 |     1 ||     3
       Chunk             |       |     1 |     1 ||     2
Armor: Leather armour    |    17 |       |       ||    17
       Ring mail         |       |    30 |       ||    30
       Plate armour      |       |       |   103 ||   103
Dodge: Dodged            |    46 |    75 |    79 ||   200
